 Dungeon Crawl Stone Soup version 0.31-a0-174-g85c54bcb58 (webtiles) character file.

Game seed: 7497548209637396900

231 qw the Shooter (level 6, 0/56 HPs)
             Began as a Naga Hunter on June 15, 2023.
             Slain by an ogre
             ... wielding a +0 giant club
              (17 damage)
             ... on level 4 of the Dungeon.
             The game lasted 00:00:49 (2793 turns).

qw the Shooter (Naga Hunter)                        Turns: 2793, Time: 00:00:49

Health: 0/56       AC:  3    Str: 13    XL:     6   Next: 3%
Magic:  6/6        EV: 11    Int:  9    God:
Gold:   255        SH:  0    Dex: 23    Spells: 5/5 levels left

rFire   . . .        Y - +0 shortbow
rCold   . . .        (shield currently unavailable)
rNeg    . . .        c - +0 leather armour
rPois   +            (no helmet)
rElec   .            (no cloak)
rCorr   +            (no gloves)
SInv    +            (no barding)
Will    .....        (no amulet)
Stlth   ++           f - ring of resist corrosion
HPRegen 0.29/turn    a - +6 ring of dexterity
MPRegen 0.10/turn

%: no passive effects
@: short of breath, very slow
A: AC +2, large, see invisible, deformed body, poison resistance, slowness 2,
spit poison 1, naga tail 1
a: Spit Poison


You were on level 4 of the Dungeon.
You visited 1 branch of the dungeon, and saw 4 of its levels.

You collected 255 gold pieces.


Innate Abilities, Weirdness & Mutations

Your serpentine skin is tough. (AC +2)
You have supernaturally acute eyesight. (SInv)
Armour fits poorly on your strangely shaped body.
Your system is resistant to poisons. (rPois)
You cover ground very slowly.
You can spit poison.
You have a snake-like lower body.


   Skills:
 - Level 3.3 Fighting
 + Level 5.2 Ranged Weapons
 - Level 2.8 Dodging
 - Level 1.5 Stealth


You had 5 spell levels left.
You didn't know any spells.
Your spell library was empty.

Inventory:

Hand Weapons
 Y - a +0 shortbow (weapon)
Armour
 c - a +0 leather armour (worn)
Jewellery
 a - a +6 ring of dexterity (right hand)
 f - a ring of resist corrosion (left hand)
Scrolls
 b - a scroll of teleportation {unknown}
 j - a scroll of fear {unknown}
Potions
 e - a potion of curing
 g - a potion of mutation {unknown}
 h - a potion of degeneration {unknown}
 i - a potion of might

Dungeon Overview and Level Annotations

Branches:
Dungeon (4/15)
 Temple: D:4-7

Altars:
Xom


Message History

You shoot an arrow.
The arrow hits the ogre but does no damage.
You have got your breath back.
2786 ||| INVOKING Spit Poison.
Aiming: Spit Poison (1% risk of failure)
Press: ? - help, Shift-Dir - straight line, f/p - ogre The splash of poison hits the ogre.
The ogre is poisoned.
The ogre is lightly wounded.
You shoot an arrow. The arrow hits the ogre.
The ogre is lightly wounded.
The ogre closely misses you. The orc barely misses you.
You shoot an arrow. The arrow hits the ogre.
The ogre is lightly wounded.
The ogre hits you with a +0 giant club!!
Ouch! That really hurt!
You shoot an arrow.
The arrow hits the ogre but does no damage.
The ogre is moderately wounded.
The orc drinks a potion.
The orc seems to grow stronger.
The orc completely misses you.
You shoot an arrow. The arrow hits the ogre.
The ogre is heavily wounded.
The ogre hits you with a +0 giant club! The orc hits you with a +0 long sword!
The orc barely misses you.
2791 ||| DRINKING potion of heal wounds.
You feel much better.
You have got your breath back.
The orc closely misses you. The orc hits you with a +0 long sword!
The ogre barely misses you.
2792 ||| INVOKING Spit Poison.
Aiming: Spit Poison (1% risk of failure)
Press: ? - help, Shift-Dir - straight line, f/p - ogre The splash of poison hits the ogre!
The ogre is severely wounded.
The ogre looks more healthy.
The orc barely misses you. The orc hits you with a +0 falchion.
You shoot an arrow. The arrow hits the ogre.
The ogre is almost dead.
The orc hits you with a +0 long sword. The ogre hits you with a +0 giant club!
You die...

. ...##
..)).############
.....oO@........#
......oo#######.##
....##.o#.....#..#
... #..#.....#..#
. #..#.._..#..# .
##.#.....#..# ..
#.#.....#..# ...
#.###'###.##
#..#.........#


You could see an ogre and 4 orcs.

Vanquished Creatures
  Blork the orc (D:4)
  Terence (D:3)
  7 adders
  A worm (D:3)
  A dart slug (D:4)
  6 orcs (D:4)
  2 ball pythons
  5 endoplasms
  2 giant cockroaches
  3 goblins
  7 hobgoblins
  10 jackals
  A quokka (D:2)
  A bat (D:2)
  6 frilled lizards
  4 kobolds
  5 rats
63 creatures vanquished.

Notes
Turn   | Place    | Note
-------+----------+-------------------------------------------
     0 | D:1      | qw the Naga Hunter began the quest for the Orb.
     0 | D:1      | Reached XP level 1. HP: 19/19 MP: 1/1
     0 | D:1      | 0 ||| qw: Version: 0.2-a-29-g511e9b1
     0 | D:1      | 0 ||| qw: Game counter: 5213
     0 | D:1      | 0 ||| qw: Always use a shield: true
     0 | D:1      | 0 ||| qw: God list: Okawaru
     0 | D:1      | 0 ||| qw: Allow faded altars: false
     0 | D:1      | 0 ||| qw: Do Orc after D:15 true
     0 | D:1      | 0 ||| qw: Do second Lair branch before Depths: true
     0 | D:1      | 0 ||| qw: Lair rune preference: random
     0 | D:1      | 0 ||| qw: Plans: Normal
     0 | D:1      | 0 ||| PLANNING D:1-11
    34 | D:1      | 34 ||| INVOKING Spit Poison.
    39 | D:1      | 39 ||| INVOKING Spit Poison.
    57 | D:1      | 57 ||| INVOKING Spit Poison.
    62 | D:1      | 62 ||| INVOKING Spit Poison.
    65 | D:1      | Reached skill level 4 in Ranged Weapons
    65 | D:1      | Reached XP level 2. HP: 26/26 MP: 2/2
    67 | D:1      | 67 ||| INVOKING Spit Poison.
    80 | D:1      | 80 ||| INVOKING Spit Poison.
   255 | D:1      | 255 ||| INVOKING Spit Poison.
   259 | D:1      | 259 ||| INVOKING Spit Poison.
   260 | D:1      | 260 ||| INVOKING Spit Poison.
   411 | D:1      | 411 ||| INVOKING Spit Poison.
   696 | D:1      | 696 ||| INVOKING Spit Poison.
   707 | D:1      | 707 ||| INVOKING Spit Poison.
   811 | D:1      | 811 ||| UPGRADING to ring of resist corrosion.
   812 | D:1      | 812 ||| DROPPING scroll of butterflies.
   852 | D:2      | 852 ||| INVOKING Spit Poison.
   878 | D:2      | 878 ||| INVOKING Spit Poison.
   888 | D:2      | 888 ||| INVOKING Spit Poison.
   890 | D:2      | Reached XP level 3. HP: 32/32 MP: 3/3
   892 | D:2      | 892 ||| INVOKING Spit Poison.
   916 | D:2      | 916 ||| INVOKING Spit Poison.
   976 | D:2      | 976 ||| INVOKING Spit Poison.
  1176 | D:2      | 1176 ||| INVOKING Spit Poison.
  1188 | D:2      | 1188 ||| INVOKING Spit Poison.
  1220 | D:2      | 1220 ||| INVOKING Spit Poison.
  1224 | D:2      | 1224 ||| INVOKING Spit Poison.
  1270 | D:2      | 1270 ||| INVOKING Spit Poison.
  1273 | D:2      | 1273 ||| INVOKING Spit Poison.
  1274 | D:2      | Reached skill level 5 in Ranged Weapons
  1275 | D:2      | Reached XP level 4. HP: 39/39 MP: 4/4
  1286 | D:2      | 1286 ||| INVOKING Spit Poison.
  1356 | D:2      | 1356 ||| INVOKING Spit Poison.
  1553 | D:2      | 1553 ||| INVOKING Spit Poison.
  1673 | D:2      | 1673 ||| READING scroll labelled NIEGRA NOZAJITH.
  1674 | D:2      | 1674 ||| READING scroll labelled OBROUTSA PUDU.
  1675 | D:2      | 1675 ||| DRINKING 2 murky purple potions.
  1676 | D:2      | 1676 ||| DRINKING 2 cyan potions.
  1740 | D:3      | 1740 ||| INVOKING Spit Poison.
  1764 | D:3      | 1764 ||| INVOKING Spit Poison.
  1818 | D:3      | 1818 ||| INVOKING Spit Poison.
  2024 | D:3      | 2024 ||| INVOKING Spit Poison.
  2064 | D:3      | 2064 ||| INVOKING Spit Poison.
  2070 | D:3      | 2070 ||| INVOKING Spit Poison.
  2086 | D:3      | Noticed Terence
  2087 | D:3      | 2087 ||| INVOKING Spit Poison.
  2091 | D:3      | 2091 ||| INVOKING Spit Poison.
  2092 | D:3      | Killed Terence
  2093 | D:3      | Reached skill level 3 in Fighting
  2093 | D:3      | Reached XP level 5. HP: 36/49 MP: 5/5
  2186 | D:3      | 2186 ||| INVOKING Spit Poison.
  2189 | D:3      | 2189 ||| INVOKING Spit Poison.
  2195 | D:3      | 2195 ||| INVOKING Spit Poison.
  2492 | D:3      | 2492 ||| UPGRADING to +6 ring of dexterity.
  2493 | D:3      | 2493 ||| READING scroll labelled QAGOPA KYRO.
  2551 | D:4      | 2551 ||| INVOKING Spit Poison.
  2589 | D:4      | Noticed Blork the orc
  2591 | D:4      | 2591 ||| INVOKING Spit Poison.
  2597 | D:4      | 2597 ||| INVOKING Spit Poison.
  2601 | D:4      | Killed Blork the orc
  2668 | D:4      | 2668 ||| INVOKING Spit Poison.
  2672 | D:4      | 2672 ||| INVOKING Spit Poison.
  2692 | D:4      | Found a shimmering altar of Xom.
  2693 | D:4      | 2693 ||| INVOKING Spit Poison.
  2698 | D:4      | 2698 ||| INVOKING Spit Poison.
  2704 | D:4      | 2704 ||| INVOKING Spit Poison.
  2707 | D:4      | 2707 ||| INVOKING Spit Poison.
  2728 | D:4      | 2728 ||| INVOKING Spit Poison.
  2730 | D:4      | Reached XP level 6. HP: 55/56 MP: 6/6
  2781 | D:4      | 2781 ||| INVOKING Spit Poison.
  2786 | D:4      | 2786 ||| INVOKING Spit Poison.
  2790 | D:4      | HP: 7/56 [orc/+0 long sword (8)]
  2791 | D:4      | 2791 ||| DRINKING potion of heal wounds.
  2792 | D:4      | 2792 ||| INVOKING Spit Poison.
  2793 | D:4      | Slain by an ogre

Levels and vault maps discovered:
D:1:      nicolae_arrival_memento_mori, layout_loops_corners
D:2:      layout_basic
D:3:      layout_loops_ring, minmay_parallelograms, uniq_terence
D:4:      layout_layer_cave, amcnicky_altar_gilded, uniq_blork_the_orc

Skill      XL: |  1  2  3  4  5 |
---------------+----------------+-----
Ranged Weapons | 4 5 |  5.2
Fighting       | 3 |  3.3
Dodging        | 2 |  2.8
Stealth        | |  1.5

Action                     |  1- 3 |  4- 6 || total
---------------------------+-------+-------++-------
   Fire: Shortbow          |    40 |    88 ||   128
Ability: Spit Poison       |    23 |    27 ||    50
    Use: Scroll            |       |     3 ||     3
         Potion            |       |     3 ||     3
 Armour: Leather armour    |     1 |    13 ||    14
  Dodge: Dodged            |     2 |    29 ||    31

Table legend:
 A = Non-vault XP
 B = Vault XP
 C = Vault XP percentage of total XP
 D = Non-vault monster count
 E = Vault monster count
 F = Vault count percentage of total count
                 A         B        C        D         E       F
            +---------+---------+-------+---------+---------+-------
      Total |     195 |     135 |  40.9 |      61 |       2 |   3.2
            +---------+---------+-------+---------+---------+-------
        D:1 |      30 |       0 |   0.0 |      17 |       0 |   0.0
        D:2 |      71 |       0 |   0.0 |      17 |       0 |   0.0
        D:3 |      38 |      36 |  48.6 |      14 |       1 |   6.7
        D:4 |      56 |      99 |  63.9 |      13 |       1 |   7.1
            +---------+---------+-------+---------+---------+-------
